[Event "42nd Olympiad Baku 2016 Open"]
[Site "Baku"]
[Date "2016.09.02"]
[Round "1.1"]
[White "Grandelius, Nils"]
[Black "Shrestha, Keshav"]
[Result "1-0"]
[ECO "A05"]
[WhiteElo "2641"]
[BlackElo "2099"]
[PlyCount "95"]
[EventDate "2016.??.??"]
[EventCountry "AZE"]
[WhiteTeam "Schweden"]
[BlackTeam "Nepal"]
[WhiteTeamCountry "SWE"]
[BlackTeamCountry "NEP"]
[TimeControl "40/5400+30:1800+30"]
[WhiteClock "1:07:06"]
[BlackClock "0:21:52"]

1. Nf3 {(00:00} Nf6 {(00:04} 2. g3 {(00:21} d5 {
(00:48} 3. Bg2 {(00:21} c6 {(01:33} 4. O-O {(00:
51} e6 {(01:30} 5. c4 {(00:42} Nbd7 {(00:56} 6. b3 {
(02:17} Be7 {(00:55} 7. Bb2 {(00:06} O-O {(00:
19} 8. Qc2 {(02:50} b6 {(03:52} 9. Nc3 {(00:37} Bb7 {
(00:53} 10. d4 {(01:36} Rc8 {(05:16} 11. Rfd1 {(
02:00} Re8 {(03:12} 12. e4 {(02:17} dxe4 {(02:37} 13.
Nxe4 {(01:48} Nxe4 {(00:48} 14. Qxe4 {(00:05} Nf6 {
(04:58} 15. Qc2 {(00:23} Qc7 {(03:50} 16. c5 {(
01:12} Nd5 {(01:43} 17. Rac1 {(04:30} Bf6 {(01:42} 18.
a3 {(04:48} Red8 {(03:45} 19. h4 {(01:29} h6 {(
01:12} 20. Nd2 {(00:21} Ba6 {(05:56} 21. Ne4 {(01:57}
Be7 {(00:41} 22. b4 {(00:17} f5 {(08:30} 23. Nd2 {
(02:52} Bf6 {(01:24} 24. Re1 {(06:28} Qf7 {(03:
43} 25. Nf3 {(01:10} g5 {(09:21} 26. hxg5 {(02:17}
hxg5 {(00:23} 27. Qd2 {(00:15} Qe7 {(04:04} 28. Rcd1 {
(04:13} g4 {(10:46} 29. Ne5 {(00:12} Qg7 {(02:
38} 30. Bc1 {(04:56} Bb5 {(04:13} 31. Qc2 {(00:23}
bxc5 {(01:32} 32. bxc5 {(03:43} Bg5 {(04:02} 33. Bd2 {
(05:07} Rf8 {(04:12} 34. Bxg5 {(03:45} Qxg5 {(
00:12} 35. a4 {(00:04} Ba6 {(01:26} 36. Qd2 {(01:31}
f4 {(01:35} 37. Bxd5 {(04:58} exd5 {(01:38} 38. gxf4 {
(00:02} Qxf4 {(01:48} 39. Qxf4 {(00:31} Rxf4 {(
00:12} 40. Ng6 {(00:00} Rcf8 {(00:00} 41. Nxf4 {(02:17]
} Rxf4 {(00:49} 42. Re7 {(00:13} Rf7 {(04:11} 43. Rxf7
{(00:28} Kxf7 {(02:56} 44. Re1 {(00:06} Bd3 {(
01:55} 45. Kh2 {(00:06} a5 {(01:51} 46. Kg3 {(00:08}
Bc2 {(01:24} 47. Kxg4 {(00:15} Bxa4 {(00:23} 48. Ra1 {
(00:06} 1-0

[Event "42nd Olympiad Baku 2016 Open"]
[Site "Baku"]
[Date "2016.09.02"]
[Round "1.19"]
[White "Greenidge, Ronuel"]
[Black "Colovic, Aleksandar"]
[Result "0-1"]
[ECO "E45"]
[WhiteElo "1723"]
[BlackElo "2432"]
[PlyCount "60"]
[EventDate "2016.??.??"]
[EventCountry "AZE"]
[WhiteTeam "Guyana"]
[BlackTeam "Mazedonien"]
[WhiteTeamCountry "GUY"]
[BlackTeamCountry "MKD"]
[TimeControl "40/5400+30:1800+30"]
[WhiteClock "0:12:17"]
[BlackClock "0:16:21"]

1. d4 {(00:00} Nf6 {(00:01} 2. c4 {(00:00} e6 {(
01:06} 3. Nc3 {(00:00} Bb4 {(00:00} 4. e3 {(00:00} b6
{(00:27} 5. Nge2 {(00:13} Ba6 {(01:34} 6. a3 {(
00:10} Bxc3+ {(00:11} 7. Nxc3 {(00:13} d5 {(00:04} 8.
b3 {(00:06} O-O {(01:30} 9. Be2 {(00:17} Nc6 {(
01:44} 10. cxd5 {(00:10} Bxe2 {(00:06} 11. Qxe2 {(00:
14} exd5 {(05:14} 12. O-O {(01:31} Re8 {(00:06} 13.
Qc2 {(01:13} Qd7 {(03:48} 14. Bd2 {(01:28} Ne7 {
(02:29} 15. Rac1 {(02:37} Rac8 {(00:11} 16. Na4 {
(04:08} c6 {(03:50} 17. Rfd1 {(05:25} Nf5 {(04:
48} 18. b4 {(11:43} Nd6 {(01:29} 19. Nb2 {(00:46} Nfe4
{(08:20} 20. Qb3 {(09:13} b5 {(12:43} 21. Be1 {(
03:39} Nc4 {(00:31} 22. Nd3 {(01:43} Qf5 {(02:43} 23.
Ra1 {(06:48} Re6 {(08:02} 24. a4 {(06:52} Rf6 {(
04:51} 25. axb5 {(04:57} Nxe3 {(06:42} 26. Ne5 {(16:18]
} Nxd1 {(02:07} 27. Qxd1 {(02:17} cxb5 {(04:08} 28.
Rxa7 {(04:39} Nxf2 {(04:11} 29. Qe2 {(03:26} Qe4 {
(03:54} 30. Qd1 {(02:37} Nxd1 {(01:49} 0-1

[Event "42nd Olympiad Baku 2016 Open"]
[Site "Baku"]
[Date "2016.09.02"]
[Round "1.9"]
[White "Guillen Ramirez, Jose Antonio"]
[Black "Bareev, Evgeny"]
[Result "0-1"]
[ECO "A83"]
[WhiteElo "2269"]
[BlackElo "2675"]
[PlyCount "67"]
[EventDate "2016.??.??"]
[EventCountry "AZE"]
[WhiteTeam "Honduras"]
[BlackTeam "Kanada"]
[WhiteTeamCountry "HON"]
[BlackTeamCountry "CAN"]
[TimeControl "40/5400+30:1800+30"]
[WhiteClock "0:00:32"]
[BlackClock "0:01:07"]

1. d4 {(00:00} f5 {(00:00} 2. e4 {(00:10} fxe4 {
(00:00} 3. Nc3 {(00:04} Nf6 {(00:08} 4. Bg5 {(
01:25} g6 {(00:07} 5. f3 {(00:56} d5 {(01:50} 6. fxe4
{(01:01} dxe4 {(03:16} 7. Bc4 {(00:55} Nc6 {(02:
43} 8. Nge2 {(03:12} Na5 {(01:11} 9. Bb3 {(05:44} Nxb3
{(05:10} 10. axb3 {(01:24} Bg7 {(00:05} 11. Qd2 {
(04:11} O-O {(03:31} 12. O-O-O {(13:17} a5 {(11:
41} 13. Ng3 {(04:08} c6 {(11:24} 14. h4 {(10:44} a4 {
(17:15} 15. bxa4 {(06:19} Qd6 {(00:18} 16. Bf4 {
(05:15} e3 {(17:56} 17. Qxe3 {(08:46} Ng4 {(00:
06} 18. Bxd6 {(00:24} Nxe3 {(00:05} 19. Bxe7 {(02:51}
Rf7 {(00:36} 20. Bg5 {(05:13} Nxd1 {(00:12} 21. Rxd1 {
(00:52} Bg4 {(06:00} 22. Rd3 {(04:13} Rf2 {(00:
17} 23. Rd2 {(13:20} Rxd2 {(00:23} 24. Kxd2 {(00:02}
Bxd4 {(00:09} 25. Nge4 {(01:18} Bf5 {(07:00} 26. b3 {
(02:25} Be5 {(00:24} 27. Nc5 {(00:49} Bd6 {(06:
37} 28. N3e4 {(02:58} Bf8 {(00:15} 29. g4 {(00:30} Bc8
{(03:00} 30. h5 {(01:05} Kf7 {(02:02} 31. hxg6+ {
(00:55} Kxg6 {(00:32} 32. Nd3 {(00:11} Bxg4 {(
00:57} 33. Nf4+ {(01:21} Kf5 {(00:13} 34. Kd3 0-1

[Event "42nd Olympiad Baku 2016 Open"]
[Site "Baku"]
[Date "2016.09.02"]
[Round "1.31"]
[White "Gurbanov, Andrei"]
[Black "Botsoe, Koffi"]
[Result "1-0"]
[ECO "A49"]
[WhiteElo "2322"]
[BlackElo "1610"]
[PlyCount "41"]
[EventDate "2016.??.??"]
[EventCountry "AZE"]
[WhiteTeam "Israel"]
[BlackTeam "Togo"]
[WhiteTeamCountry "ISR"]
[BlackTeamCountry "TOG"]
[TimeControl "40/5400+30:1800+30"]
[WhiteClock "0:50:30"]
[BlackClock "0:33:25"]

1. d4 {(00:00} Nf6 {(00:40} 2. Nf3 {(00:00} g6 {
(02:14} 3. g3 {(00:33} d5 {(00:22} 4. c4 {(00:
29} c5 {(03:54} 5. dxc5 {(03:41} Qa5+ {(03:53} 6. Nc3
{(05:15} dxc4 {(02:25} 7. Bg2 {(04:46} Qxc5 {(
07:58} 8. Be3 {(01:06} Qb4 {(03:05} 9. Ne5 {(08:24}
Bg7 {(04:00} 10. a3 {(03:33} Qxb2 {(12:04} 11. Bd4 {
(02:02} Qb3 {(08:09} 12. Qc1 {(10:36} Bf5 {(02:
56} 13. e4 {(02:59} Nxe4 {(00:24} 14. Nxe4 {(00:11}
Nc6 {(05:19} 15. Nxc6 {(01:26} Bxd4 {(00:23} 16. Nxd4 {
(00:09} Qd3 {(00:42} 17. Nxf5 {(00:56} gxf5 {(
00:50} 18. Qc3 {(03:26} O-O-O {(03:53} 19. Qxd3 {(00:
08} Rxd3 {(02:42} 20. Nc5 {(00:10} Rc3 {(00:42} 21.
Kd2 {(00:10} 1-0

[Event "42nd Olympiad Baku 2016 Open"]
[Site "Baku"]
[Date "2016.09.02"]
[Round "1.19"]
[White "Guseinov, Gadir"]
[Black "Chunguane, Ilidio Alberto"]
[Result "1-0"]
[ECO "C43"]
[WhiteElo "2625"]
[BlackElo "2034"]
[PlyCount "67"]
[EventDate "2016.??.??"]
[EventCountry "AZE"]
[WhiteTeam "Aserbeidschan"]
[BlackTeam "Mosambik"]
[WhiteTeamCountry "AZE"]
[BlackTeamCountry "MOZ"]
[TimeControl "40/5400+30:1800+30"]
[WhiteClock "0:46:59"]
[BlackClock "0:05:03"]

1. e4 {(00:00} e5 {(00:00} 2. Nf3 {(00:00} Nf6 {
(00:42} 3. d4 {(00:00} Nxe4 {(04:31} 4. Bd3 {(
00:16} d5 {(02:15} 5. Nxe5 {(00:25} Be7 {(04:45} 6.
O-O {(00:18} O-O {(01:31} 7. c4 {(00:07} Nf6 {(
08:08} 8. c5 {(02:37} Re8 {(12:26} 9. Nc3 {(01:00} c6
{(03:40} 10. Re1 {(01:17} Nbd7 {(00:38} 11. Bf4 {
(03:29} Nf8 {(05:46} 12. b4 {(00:42} a6 {(00:46]
} 13. Na4 {(01:04} Be6 {(05:43} 14. Nb6 {(00:23} Ra7 {
(00:52} 15. a4 {(06:53} N6d7 {(01:23} 16. Nbxd7 {
(00:52} Bxd7 {(00:40} 17. Qf3 {(09:19} Bf6 {(01:
19} 18. Re2 {(03:09} Ra8 {(04:00} 19. Rae1 {(00:15}
Bxe5 {(01:03} 20. Bxe5 {(01:01} Qh4 {(05:46} 21. Re3 {
(10:04} f6 {(06:14} 22. g3 {(00:38} Qg4 {(01:35]
} 23. Qxg4 {(00:55} Bxg4 {(02:25} 24. Bd6 {(00:04} Bd7
{(09:00} 25. Rxe8 {(05:54} Rxe8 {(08:41} 26. Rxe8 {
(05:32} Bxe8 {(00:08} 27. Bxf8 {(00:14} Kxf8 {(
00:11} 28. Bf5 {(00:08} Bg6 {(04:05} 29. Bc8 {(00:13}
Bc2 {(00:10} 30. Bxb7 {(00:33} Bxa4 {(00:03} 31. Bxa6 {
(00:07} Ke7 {(00:19} 32. Kg2 {(01:19} Kd7 {(01:
28} 33. Bd3 {(00:43} Ke7 {(01:14} 34. Bxh7 1-0

[Event "42nd Olympiad Baku 2016 Open"]
[Site "Baku"]
[Date "2016.09.02"]
[Round "1.27"]
[White "Hale, Andrew"]
[Black "Malisauskas, Vidmantas"]
[Result "0-1"]
[ECO "B22"]
[WhiteElo "1940"]
[BlackElo "2434"]
[PlyCount "74"]
[EventDate "2016.??.??"]
[EventCountry "AZE"]
[WhiteTeam "Kanalinseln"]
[BlackTeam "Litauen"]
[WhiteTeamCountry "GCI"]
[BlackTeamCountry "LTU"]
[TimeControl "40/5400+30:1800+30"]
[WhiteClock "0:00:37"]
[BlackClock "0:59:34"]

1. e4 {(00:00} c5 {(00:00} 2. c3 {(00:00} Nf6 {(
00:00} 3. e5 {(00:05} Nd5 {(00:02} 4. d4 {(00:13} cxd4
{(00:09} 5. Nf3 {(00:24} e6 {(00:11} 6. cxd4 {(
00:18} d6 {(00:08} 7. Bd3 {(02:26} dxe5 {(00:23} 8.
dxe5 {(00:29} Nb4 {(01:17} 9. Be2 {(05:56} Qxd1+ {
(03:54} 10. Kxd1 {(00:10} Bc5 {(02:20} 11. Nc3 {
(07:45} O-O {(00:28} 12. Ne4 {(03:09} Rd8+ {(00:
15} 13. Bd2 {(00:18} Be7 {(00:15} 14. a3 {(11:21} N4c6
{(00:12} 15. Kc2 {(03:34} Nd7 {(00:08} 16. Bc3 {
(02:25} Nc5 {(00:59} 17. Nxc5 {(12:19} Bxc5 {(
00:50} 18. Rad1 {(02:03} Rxd1 {(04:42} 19. Rxd1 {(00:
11} Bxf2 {(00:12} 20. Bb5 {(05:43} Bb6 {(00:16} 21.
Ng5 {(07:34} Ne7 {(01:59} 22. Be8 {(03:19} Kf8 {
(01:11} 23. Bb5 {(08:12} h6 {(02:23} 24. Ne4 {(
02:31} Nd5 {(00:15} 25. Bd2 {(02:42} Ke7 {(05:26} 26.
Nc3 {(02:47} Ne3+ {(00:32} 27. Bxe3 {(00:28} Bxe3 {
(03:33} 28. Re1 {(04:40} Bb6 {(04:34} 29. Ne4 {(
02:02} a6 {(01:38} 30. Ba4 {(02:39} Bd4 {(01:01} 31.
Nd6 {(00:53} b5 {(01:48} 32. Bb3 {(00:49} Bd7 {(
00:15} 33. Re2 {(01:40} Bxe5 {(01:13} 34. Nxb5 Bxb2 {(
04:00} 35. Kxb2 {(06:33} axb5 {(00:55} 36. Rc2 {(01:23]
} f5 {(00:25} 37. Re2 {(00:52} g5 {(01:07} 0-1

[Event "42nd Olympiad Baku 2016 Open"]
[Site "Baku"]
[Date "2016.09.02"]
[Round "1.1"]
[White "Hammer, Jon Ludvig"]
[Black "Jones, Richard S"]
[Result "1/2-1/2"]
[ECO "D12"]
[WhiteElo "2651"]
[BlackElo "2396"]
[PlyCount "95"]
[EventDate "2016.??.??"]
[EventCountry "AZE"]
[WhiteTeam "Norwegen"]
[BlackTeam "Wales"]
[WhiteTeamCountry "NOR"]
[BlackTeamCountry "WLS"]
[TimeControl "40/5400+30:1800+30"]
[WhiteClock "0:32:58"]
[BlackClock "0:28:25"]

1. Nf3 {(00:00} d5 {(00:00} 2. d4 {(00:00} Nf6 {
(00:00} 3. c4 {(00:00} c6 {(00:03} 4. e3 {(00:
00} Bf5 {(00:10} 5. Nc3 {(00:00} a6 {(00:15} 6. Be2 {
(00:32} h6 {(00:42} 7. Bd3 {(00:05} Bxd3 {(01:
25} 8. Qxd3 {(00:02} e6 {(01:15} 9. O-O {(00:09} Be7 {
(01:36} 10. Rd1 {(06:22} Nbd7 {(01:44} 11. e4 {(
00:26} dxe4 {(01:16} 12. Nxe4 {(00:09} Nxe4 {(01:55}
13. Qxe4 {(00:08} O-O {(01:01} 14. Bf4 {(00:49} Qa5 {
(06:03} 15. a3 {(00:58} Rac8 {(05:37} 16. h3 {(
02:49} Rfd8 {(09:15} 17. Qe3 {(13:45} Qf5 {(02:58} 18.
g4 {(06:06} Qg6 {(01:13} 19. Kh1 {(07:01} b5 {(
08:41} 20. b3 {(03:58} Nf6 {(13:08} 21. Re1 {(00:51}
Nd7 {(10:32} 22. c5 {(10:11} h5 {(07:20} 23. g5 {
(30:37} Qf5 {(01:38} 24. Nh4 {(01:52} Qd5+ {(00:
26} 25. Kh2 {(00:04} g6 {(05:38} 26. b4 {(00:04} Bf8 {
(03:29} 27. Nf3 {(00:12} Bg7 {(00:20} 28. Red1 {
(02:54} Ra8 {(01:45} 29. a4 {(01:22} Qc4 {(01:
48} 30. axb5 {(04:42} axb5 {(00:14} 31. Qe4 {(00:05}
Qd5 {(04:29} 32. Qxd5 {(01:00} exd5 {(00:06} 33. Bd6 {
(01:18} Nf8 {(01:45} 34. Ne5 {(01:07} Bxe5+ {(
00:26} 35. Bxe5 {(00:05} Ne6 {(00:21} 36. Bf6 {(01:45}
Re8 {(00:05} 37. Kg3 {(00:07} Ng7 {(03:36} 38. Be5 {
(00:07} Nf5+ {(00:18} 39. Kf3 {(00:42} Kf8 {(01:
12} 40. Ra5 {(00:00} Rxa5 {(00:00} 41. bxa5 {(02:06}
Ra8 {(03:42} 42. Ra1 {(00:19} Ra6 {(00:29} 43. Ke2 {
(05:29} Ke7 {(02:32} 44. Kd3 {(00:12} Kd7 {(00:
26} 45. Bf4 {(00:17} Kc8 {(03:50} 46. Bd2 {(00:06} Kb7
{(00:06} 47. Re1 {(00:05} Ra8 {(00:15} 48. Bc3 {
(00:04} 1/2-1/2

[Event "42nd Olympiad Baku 2016 Open"]
[Site "Baku"]
[Date "2016.09.02"]
[Round "1.32"]
[White "Hassuji, Nurdin"]
[Black "Ribbegren, Karl Johan"]
[Result "1/2-1/2"]
[ECO "B03"]
[WhiteElo "1732"]
[BlackElo "2267"]
[PlyCount "71"]
[EventDate "2016.??.??"]
[EventCountry "AZE"]
[WhiteTeam "Tansania"]
[BlackTeam "Monaco"]
[WhiteTeamCountry "TAN"]
[BlackTeamCountry "MNC"]
[TimeControl "40/5400+30:1800+30"]
[WhiteClock "0:04:03"]
[BlackClock "0:12:10"]

1. e4 {(00:00} Nf6 {(00:34} 2. e5 {(00:16} Nd5 {
(00:05} 3. d4 {(00:21} Nb6 {(01:14} 4. Nf3 {(00:
50} d5 {(00:35} 5. Be2 {(05:34} Bg4 {(02:00} 6. O-O {
(01:09} e6 {(00:58} 7. Be3 {(02:52} Be7 {(01:27]
} 8. Nbd2 {(02:30} O-O {(01:28} 9. a4 {(04:36} a5 {
(06:47} 10. Re1 {(07:25} N8d7 {(01:38} 11. Nf1 {
(03:29} c5 {(02:34} 12. c3 {(01:12} Rc8 {(03:28]
} 13. Ng3 {(04:55} cxd4 {(07:41} 14. cxd4 {(04:06} Nb8
{(02:18} 15. Bd3 {(09:24} Nc6 {(06:14} 16. h3 {(
09:05} Bxf3 {(00:24} 17. Qxf3 {(01:07} Nb4 {(02:39}
18. Bd2 {(10:18} Nc4 {(03:46} 19. Bxb4 {(02:26} Bxb4 {
(01:15} 20. Re2 {(01:02} Qh4 {(02:08} 21. Qh5 {(
03:24} Qxh5 {(04:24} 22. Nxh5 {(00:13} Rc6 {(03:32}
23. Rc2 {(06:59} Rfc8 {(00:41} 24. Ng3 {(02:28} Nd2 {
(08:24} 25. Rxc6 {(03:48} Rxc6 {(00:50} 26. Ne2 {
(00:58} Nb3 {(04:13} 27. Rd1 {(01:02} f5 {(03:
07} 28. f4 {(01:33} Nd2 {(05:17} 29. Rc1 {(02:31} Kf7
{(02:33} 30. Rxc6 {(00:59} bxc6 {(00:08} 31. Kf2 {
(01:54} c5 {(03:17} 32. dxc5 {(02:21} Bxc5+ {(
00:22} 33. Ke1 {(00:50} Be3 {(04:53} 34. Kd1 {(00:36}
Ke7 {(03:16} 35. Kc2 {(00:43} Kd7 {(01:10} 36. Bb5+ {
(01:01} 1/2-1/2

[Event "42nd Olympiad Baku 2016 Open"]
[Site "Baku"]
[Date "2016.09.02"]
[Round "1.4"]
[White "Hemam, Moulaye Brahim"]
[Black "Romero Barreto, Jaime Jose"]
[Result "0-1"]
[ECO "A20"]
[WhiteElo "2032"]
[BlackElo "2245"]
[PlyCount "56"]
[EventDate "2016.??.??"]
[EventCountry "AZE"]
[WhiteTeam "MTN"]
[BlackTeam "Venezuela"]
[BlackTeamCountry "VEN"]
[TimeControl "40/5400+30:1800+30"]
[BlackClock "0:24:32"]

1. c4 {(00:00} e5 {(00:05} 2. g3 {(00:00} Nf6 {(
00:17} 3. Bg2 {(00:02} Nc6 {(02:29} 4. Nc3 {(01:38} g6
{(02:08} 5. Nf3 {(00:52} Bg7 {(00:35} 6. O-O {(
00:26} O-O {(00:29} 7. d3 {(01:22} d6 {(00:17} 8. h3 {
(00:55} h6 {(00:34} 9. Rb1 {(00:53} a5 {(00:09}
10. a3 {(03:03} Be6 {(01:00} 11. b4 {(07:24} axb4 {
(03:20} 12. axb4 {(00:08} Qd7 {(00:31} 13. b5 {(
03:24} Nd4 {(12:07} 14. e3 {(05:17} Nxf3+ {(00:48} 15.
Qxf3 {(00:08} Rab8 {(36:03} 16. g4 {(06:46} Nh7 {
(06:35} 17. e4 {(33:36} f5 {(00:52} 18. exf5 {(
01:29} gxf5 {(00:07} 19. gxf5 {(01:21} Rxf5 {(01:27}
20. Qg3 {(02:43} Kh8 {(02:34} 21. Kh1 {(20:27} Rg8 {
(00:53} 22. Qh4 {(00:43} Qf7 {(03:40} 23. Bd5 {(
08:16} Bxd5+ {(00:06} 24. Nxd5 {(00:33} Rh5 {(00:06}
25. Qg3 {(00:28} Bf8 {(00:12} 26. Qe3 {(00:34} Ng5 {
(00:21} 27. Qg3 {(00:30} Qf3+ {(01:36} 28. Qxf3 {
(01:02} Nxf3 {(00:07} 0-1

[Event "42nd Olympiad Baku 2016 Open"]
[Site "Baku"]
[Date "2016.09.02"]
[Round "1.12"]
[White "Hesham, Abdelrahman"]
[Black "Pang Yui Kuen"]
[Result "1-0"]
[ECO "A50"]
[WhiteElo "2419"]
[BlackElo "1963"]
[PlyCount "131"]
[EventDate "2016.??.??"]
[EventCountry "AZE"]
[WhiteTeam "Ägypten"]
[BlackTeam "Hongkong"]
[WhiteTeamCountry "EGY"]
[BlackTeamCountry "HKG"]
[TimeControl "40/5400+30:1800+30"]
[WhiteClock "0:23:47"]
[BlackClock "0:05:52"]

1. d4 {(00:00} Nf6 {(00:00} 2. c4 {(00:00} b6 {(
00:58} 3. Nc3 {(00:33} Bb7 {(00:21} 4. Qc2 {(00:50} e6
{(09:06} 5. a3 {(01:48} d5 {(01:19} 6. cxd5 {(
00:08} Nxd5 {(04:21} 7. e4 {(00:25} Nxc3 {(00:07} 8.
bxc3 {(00:04} Be7 {(00:39} 9. Nf3 {(01:04} O-O {
(00:30} 10. Bd3 {(00:05} c5 {(00:14} 11. O-O {(
00:08} Nc6 {(02:14} 12. Bb2 {(03:09} Rc8 {(01:32} 13.
Qe2 {(00:53} Na5 14. Rad1 {(00:36} cxd4 {(14:39} 15.
cxd4 {(00:20} Bf6 {(03:26} 16. Bb5 {(18:21} Qc7 {
(00:56} 17. d5 {(10:36} Bxb2 {(00:19} 18. Qxb2 {
(00:06} exd5 {(02:51} 19. exd5 {(00:18} Rcd8 {(
14:48} 20. Nh4 {(30:58} g6 {(11:27} 21. Rc1 {(13:51}
Qd6 {(00:55} 22. Rfd1 {(00:53} Bxd5 {(04:23} 23. Rd3 {
(00:11} Qf4 {(03:37} 24. g3 {(04:37} Qe4 {(00:
38} 25. f3 {(00:18} Qe7 {(00:50} 26. Qb4 {(00:49} Qf6
{(03:02} 27. Rc7 {(04:39} Nc6 {(13:21} 28. Qd2 {
(01:31} Ne7 {(03:41} 29. Ng2 {(03:34} Qd6 {(00:
43} 30. Qf4 {(01:16} Nf5 {(00:58} 31. g4 {(01:02} Ng7
{(00:39} 32. Qxd6 {(00:56} Rxd6 {(00:06} 33. Ne3 {
(00:03} Ne6 {(00:29} 34. Rc2 {(00:40} Rfd8 {(01:
51} 35. Rcd2 {(00:07} Nf4 {(01:14} 36. Nc4 {(02:33}
Bxc4 {(00:44} 37. Rxd6 {(00:05} Rxd6 {(00:08} 38. Rxd6
{(00:12} Bxb5 {(00:04} 39. Rd8+ {(01:12} Kg7 {(
00:08} 40. Kf2 {(00:00} Ne6 {(00:00} 41. Ra8 {(00:37}
a6 {(01:01} 42. Rb8 {(00:12} Kf6 {(01:44} 43. Rxb6 {
(00:16} Bc4 {(01:39} 44. f4 {(01:35} Ke7 {(03:
10} 45. Rb7+ {(00:37} Ke8 {(00:03} 46. Ke3 {(00:20}
Bb5 {(03:08} 47. f5 {(01:12} Nc5 {(01:15} 48. Rb8+ {
(00:28} Ke7 {(00:32} 49. Rh8 {(00:06} gxf5 {(01:
20} 50. gxf5 {(00:04} Bd7 {(00:35} 51. Kd4 {(00:21}
Nb7 {(01:30} 52. Ke5 {(00:05} f6+ {(02:14} 53. Kf4 {
(00:07} Nd6 {(00:59} 54. Rxh7+ {(00:04} Ke8 55. Rh8+ {
(01:51} Ke7 {(00:40} 56. Ra8 {(00:06} Bb5 {(00:
16} 57. Ra7+ {(02:25} Kf8 {(00:36} 58. a4 {(00:11} Bf1
{(04:26} 59. Rd7 {(01:14} Nf7 {(00:34} 60. Ke3 {
(00:27} Nh6 {(02:45} 61. Kf4 {(03:40} Nf7 {(02:
16} 62. Rc7 {(00:39} Nd6 {(02:03} 63. Rc6 {(02:20} Ke7
{(01:22} 64. h4 {(01:03} Nf7 {(02:58} 65. Re6+ {
(00:13} Kd7 {(02:14} 66. Rxf6 {(00:09} 1-0

[Event "42nd Olympiad Baku 2016 Open"]
[Site "Baku"]
[Date "2016.09.02"]
[Round "1.23"]
[White "Hj, Azahari Md Aliuddin"]
[Black "Dzhumaev, Marat"]
[Result "0-1"]
[ECO "B06"]
[WhiteElo "2004"]
[BlackElo "2450"]
[PlyCount "88"]
[EventDate "2016.??.??"]
[EventCountry "AZE"]
[WhiteTeam "Brunei"]
[BlackTeam "Usbekistan"]
[WhiteTeamCountry "BRN"]
[BlackTeamCountry "UZB"]
[TimeControl "40/5400+30:1800+30"]
[WhiteClock "0:23:32"]
[BlackClock "0:28:39"]

1. e4 {(00:00} g6 {(00:36} 2. d4 {(00:54} c6 {(
00:36} 3. Nc3 {(04:02} d6 {(00:19} 4. Nf3 {(03:58} Bg7
{(01:09} 5. Be2 {(05:05} Nd7 {(03:21} 6. O-O {(
02:52} b5 {(00:37} 7. a3 {(03:01} a6 {(00:39} 8. Re1 {
(03:34} Bb7 {(02:05} 9. Bf1 {(03:43} e5 {(00:30]
} 10. Be3 {(03:38} Ngf6 {(00:28} 11. h3 {(01:05} O-O {
(00:18} 12. Qd2 {(04:52} Re8 {(05:33} 13. dxe5 {
(06:43} dxe5 {(00:11} 14. Rad1 {(02:25} Qe7 {(
03:47} 15. Bh6 {(05:58} a5 {(03:36} 16. Bxg7 {(05:58}
Kxg7 {(00:10} 17. Nh2 {(05:13} Nc5 {(02:25} 18. Ng4 {
(05:49} Nxg4 {(23:19} 19. hxg4 {(00:09} Red8 {(
00:04} 20. Qe3 {(03:25} Ne6 {(00:12} 21. Rxd8 {(03:58}
Rxd8 {(00:46} 22. Rd1 {(03:08} Nd4 {(07:55} 23. Bd3 {
(04:08} Qh4 {(03:00} 24. f3 {(02:07} h5 {(00:26]
} 25. Ne2 {(13:05} hxg4 {(05:43} 26. Nxd4 {(00:32} Rxd4
{(05:33} 27. fxg4 {(00:24} Qxg4 {(03:42} 28. Qf3 {
(00:24} Bc8 {(10:45} 29. Rf1 {(00:57} Qxf3 {(00:
11} 30. gxf3 {(00:24} Be6 {(00:23} 31. Kf2 {(01:29} f5
{(01:39} 32. exf5 {(01:15} gxf5 {(00:08} 33. Re1 {
(00:07} Kf6 {(00:40} 34. Rh1 {(00:05} c5 {(07:
40} 35. Ke1 {(00:59} c4 {(03:49} 36. Be2 {(00:17} Kg5
{(00:35} 37. Rg1+ {(01:03} Kf4 {(02:06} 38. Rg6 {
(00:39} Bf7 {(00:13} 39. Rf6 {(00:43} Bh5 {(00:
49} 40. c3 {(00:00} Rd8 {(00:00} 41. Re6 {(04:41} a4 {
(04:15} 42. Rf6 {(03:19} Rd5 {(02:17} 43. Rf8 {(
00:21} Rd6 {(00:23} 44. Bd1 {(01:59} e4 {(00:28} 0-1

[Event "42nd Olympiad Baku 2016 Open"]
[Site "Baku"]
[Date "2016.09.02"]
[Round "1.6"]
[White "Hlophe Smilo"]
[Black "Kobese, Watu"]
[Result "0-1"]
[ECO "A46"]
[WhiteElo "1592"]
[BlackElo "2350"]
[PlyCount "52"]
[EventDate "2016.??.??"]
[EventCountry "AZE"]
[WhiteTeam "SWZ"]
[BlackTeam "Südafrika"]
[BlackTeamCountry "RSA"]
[TimeControl "40/5400+30:1800+30"]
[WhiteClock "0:30:56"]
[BlackClock "0:38:02"]

1. d4 {(00:00} Nf6 {(00:00} 2. Nf3 {(00:00} e6 {
(00:02} 3. g3 {(00:25} c5 {(00:36} 4. Bg2 {(00:
28} Nc6 {(01:19} 5. c4 {(01:16} d5 {(00:26} 6. e3 {
(02:13} Be7 {(00:34} 7. Nc3 {(00:12} O-O {(00:
27} 8. cxd5 {(01:20} exd5 {(00:19} 9. O-O {(00:19} Re8
{(11:19} 10. Re1 {(05:12} Bf8 {(01:04} 11. dxc5 {
(03:51} Bxc5 {(01:00} 12. Qc2 {(01:52} Nb4 {(04:
10} 13. Qd1 {(01:15} Bg4 {(06:02} 14. a3 {(04:58} Nc6
{(02:44} 15. b4 {(08:07} Bb6 {(00:58} 16. Bb2 {(
01:22} d4 {(02:27} 17. exd4 {(01:18} Nxd4 {(01:03} 18.
Rxe8+ {(01:28} Qxe8 {(05:56} 19. Qd3 {(05:41} Rd8 {
(06:15} 20. Nxd4 {(07:10} Rxd4 {(00:01} 21. Qc2 {
(08:15} Qd7 {(03:52} 22. Bc1 {(00:46} Rd3 {(11:
02} 23. Bg5 {(05:40} Qf5 {(02:05} 24. Ne4 {(04:44}
Nxe4 {(00:59} 25. Qxd3 {(03:12} Qxf2+ {(00:09} 26. Kh1
{(01:00} Qg1+ {(00:09} 0-1